 Dungeon Crawl Stone Soup version 0.20.1-1-g8b1a95d (webtiles) character file.

245 Kingsmith the Stinger (level 5, 0/35 HPs)
             Began as a Mummy Venom Mage on Dec 8, 2017.
             Slain by a gnoll
             ... wielding a +0 flail
              (11 damage)
             ... on level 3 of the Dungeon.
             The game lasted 00:11:09 (3254 turns).

Kingsmith the Stinger (Mummy Venom Mage)            Turns: 3254, Time: 00:11:10

Health: 0/35       AC:  3    Str: 12    XL:     5   Next: 83%
Magic:  9/9        EV: 12    Int: 19    God:
Gold:   78         SH:  0    Dex: 12    Spells: 0/9 levels left

rFire    x . .     SeeInvis .   c - +0 short sword
rCold    + . .     Gourm    .   (no shield)
rNeg     + + +     Faith    .   a - +0 robe
rPois    ∞         Spirit   .   (no helmet)
rElec    .         Reflect  .   j - +0 cloak
rCorr    .         Harm     .   (no gloves)
MR       .....     Rnd*Tele +   (no boots)
Stlth    ++........             f - amulet of magic regeneration
Regen    0.2/turn               e - +4 ring of intelligence
MPRegen  0.2/turn               g - ring of teleportation (curse)

@: no status effects
A: no food or potions, fire vulnerability, cold resistance 1, negative energy
resistance 3, torment resistance, unbreathing
a: no special abilities


You were on level 3 of the Dungeon.
You were not hungry.

You visited 1 branch of the dungeon, and saw 5 of its levels.

You collected 78 gold pieces.

Inventory:

Hand Weapons
 c - a +0 short sword (weapon)
Armour
 a - a +0 robe (worn)
 j - a +0 cloak (worn)
Jewellery
 e - a +4 ring of intelligence (left hand)
 f - an amulet of magic regeneration (around neck)
 g - a cursed ring of teleportation (right hand)
Scrolls
 d - a scroll of enchant armour
 h - 2 scrolls of identify
Books
 b - a Young Poisoner's Handbook

   Spells                             Type                      Level
   a - Sting                          Conjuration/Poison           1
   b - Poisonous Vapours              Poison/Air                   2
   c - Mephitic Cloud                 Conjuration/Poison/Air       3
   d - Olgreb's Toxic Radiance        Poison                       4
   e - Venom Bolt                     Conjuration/Poison           5


   Skills:
 - Level 1.5 Dodging
 - Level 1.5 Stealth
 - Level 2.6 Spellcasting
 - Level 3.0 Conjurations
 - Level 3.0 Air Magic
 + Level 3.0 Poison Magic


You couldn't memorise any spells.
You knew the following spells:

 Your Spells              Type           Power        Failure   Level  Hunger
a - Olgreb's Toxic Radia  Pois           ##......     41%         4    N/A
b - Poisonous Vapours     Pois/Air       ##....       7%          2    N/A
c - Mephitic Cloud        Conj/Pois/Air  ##......     13%         3    N/A

Dungeon Overview and Level Annotations

Branches:
Dungeon (5/15)
 Temple: D:4-7

Altars:
Fedhas
Uskayaw
Yredelemnul

Annotations:
D:4 broninjaking's ghost, weakling DsAK


Innate Abilities, Weirdness & Mutations

You do not eat or drink.
Your flesh is vulnerable to fire.
You are immune to poison.
Your flesh is cold resistant. (rC+)
You are immune to negative energy. (rN+++)
You are immune to unholy pain and torment.
You can survive without breathing.


Message History

Poisonous vapours surround the jackal!
The jackal is engulfed in poison gas.
The jackal is poisoned.
The jackal bites you.
* * * LOW HITPOINT WARNING * * *
The jackal is engulfed in poison gas.
The jackal looks even sicker.
The jackal bites you but does no damage.
The jackal bites you but does no damage.
You kill the jackal!
Found a twisted silver amulet.
You see here a twisted silver amulet.
The gnoll barely misses you.
The gnoll shouts!
A jackal comes into view.
The gnoll barely misses you.
The gnoll hits the plant but does no damage.
A gnoll comes into view.
The jackal bites the plant but does no damage.
The gnoll shouts!
The jackal bites the plant. x2
The gnoll hits you with a flail!
You die...

,,,,,,#....≈≈≈.#,,,*,#.....g.#...
,,,,,,#...P≈≈###'#,,,#.......#...
,,,,,,#....≈≈#...#############'''
......#....≈≈#...#...............
[.....#....≈≈#####≈≈≈≈≈≈≈≈≈≈≈≈...
#.....#..g.≈≈≈≈≈≈≈≈≈≈≈≈≈≈≈≈≈≈≈...
#.....#...g≈≈≈≈≈≈≈≈g≈≈≈≈≈≈≈≈≈≈...
#.....#....gP................†...
............h.gg@................
....###.######################.#g
....# #.# ***#####.#) ....#*#.#
**,,........
....+,..*############*,,,...###gg
....#*#**#..........#*,,,,,,*#.gg
....# #..........#*,,,,,,*#...
....# #...........+,,,,,,*#..<
##+## #.)........#*,,,,,,*#.#.


You could see 6 gnolls and a jackal.

Vanquished Creatures
  A gnoll shaman (D:3)
  4 adders
  9 gnolls
  An ooze (D:1)
  A worm (D:2)
  2 dart slugs
  4 leopard geckos
  4 giant cockroaches
  10 goblins
  9 hobgoblins
  11 jackals
  4 quokkas
  6 bats
  2 frilled lizards
  6 kobolds
  6 rats
80 creatures vanquished.

Notes
Turn   | Place    | Note
-------+----------+-------------------------------------------
     0 | D:1      | Kingsmith the Mummy Venom Mage began the quest for the Orb.
     0 | D:1      | Reached XP level 1. HP: 13/13 MP: 4/4
   320 | D:1      | Reached XP level 2. HP: 14/19 MP: 1/5
   421 | D:1      | Learned a level 2 spell: Poisonous Vapours
   619 | D:1      | Reached skill level 1 in Air Magic
  1000 | D:1      | Reached XP level 3. HP: 9/24 MP: 0/7
  1232 | D:2      | Learned a level 3 spell: Mephitic Cloud
  1542 | D:2      | Noticed a dagger
  1543 | D:2      | Noticed a dagger
  1587 | D:2      | Found a hide-covered altar of Uskayaw.
  1612 | D:2      | Found a blossoming altar of Fedhas.
  1621 | D:2      | Reached XP level 4. HP: 30/30 MP: 2/8
  2287 | D:3      | Reached skill level 1 in Conjurations
  2351 | D:2      | Reached XP level 5. HP: 7/35 MP: 5/9
  2698 | D:2      | Learned a level 4 spell: Olgreb's Toxic Radiance
  2801 | D:3      | Found a basalt altar of Yredelemnul.
  2823 | D:3      | You fall through a shaft for 2 floors!
  2823 | D:5      | Entered Level 5 of the Dungeon
  2854 | D:4      | Noticed broninjaking's ghost (weakling DsAK)
  3254 | D:3      | Slain by a gnoll

Skill      XL: |  1  2  3  4  5 |
---------------+----------------+-----
Poison Magic   | 3 |  3.0
Air Magic      | 1 2 3 |  3.0
Conjurations   | 1 3 |  3.0
Dodging        | |  1.5
Stealth        | |  1.5
Spellcasting   | |  2.6

Action                   |  1- 3 |  4- 6 || total
-------------------------+-------+-------++-------
Melee: Unarmed           |    19 |       ||    19
       Short sword       |    49 |    57 ||   106
 Cast: Sting             |    30 |     2 ||    32
       Poisonous Vapours |    21 |    52 ||    73
  Use: Scroll            |       |     3 ||     3
 Stab: Sleeping          |     1 |     1 ||     2
Armor: Robe              |    16 |    16 ||    32
Dodge: Dodged            |    54 |    78 ||   132
